 Dungeon Crawl Stone Soup version 0.17-a0-1678-g710b578 (webtiles) character file.

7649 Enroth the Nimble (level 10, -1/88 HPs)
             Began as a Minotaur Skald on Aug 18, 2015.
             Was a High Priest of Okawaru.
             Killed from afar by a gargoyle (8 damage)
             ... with a stone arrow
             ... on level 11 of the Dungeon on Aug 19, 2015.
             The game lasted 00:51:53 (6947 turns).

Enroth the Nimble (Minotaur Skald)                  Turns: 6947, Time: 00:51:54

Health: -1/88      AC: 13    Str: 16    XL:     10   Next: 99%
Magic:  16/16      EV: 17    Int: 12    God:    Okawaru [*****.]
Gold:   681        SH:  3    Dex: 11    Spells: 5 memorised, 7 levels left

rFire  + . .     SeeInvis .     y - +3 hand axe (elec)
rCold  . . .     Clarity  +     p - +2 leather armour {rN+}
rNeg   + . .     SustAt   .     F - +0 buckler
rPois  .         Gourm    .     (helmet unavailable)
rElec  .         Spirit   .     t - +2 cloak
rCorr  +         Warding  .     k - +2 pair of gloves
rMut   .         Stasis   .     u - +0 pair of boots "Mahoodwolagg" {rCorr}
MR     .....                    B - amulet of regeneration
Stlth  +.........               C - ring of protection from fire
                                h - +2 ring of evasion

@: singing, drained, not resistant to hostile enchantments, very unstealthy
A: retaliatory headbutt, horns 3, blink 1, clarity, screaming 1
a: Blink, Heroism, Finesse, Renounce Religion, Stop Singing


You were on level 11 of the Dungeon.
You worshipped Okawaru.
Okawaru was extremely pleased with you.
You were not hungry.

You visited 1 branch of the dungeon, and saw 11 of its levels.

You collected 681 gold pieces.

Inventory:

Hand weapons
 y - a +3 hand axe of electrocution (weapon)
Armour
 e - a troll hide
 k - a +2 pair of gloves (worn)
 p - a +2 leather armour of positive energy (worn)
 t - a +2 cloak (worn)
 u - the +0 pair of boots "Mahoodwolagg" (worn) {rCorr}
   (You found it on level 7 of the Dungeon)

   It protects you from acid and corrosion.
 F - a +0 buckler (worn)
Jewellery
 h - a +2 ring of evasion (left hand)
 B - an amulet of regeneration (around neck)
 C - a ring of protection from fire (right hand)
Scrolls
 a - 2 scrolls of fog
 b - a scroll of fear
 i - a scroll of blinking
 o - 4 scrolls of remove curse
 r - 3 scrolls of recharging
 w - 2 scrolls of teleportation
 z - 2 scrolls of amnesia
Potions
 l - 2 potions of curing
 m - 4 potions of agility
 v - 2 potions of cure mutation
Comestibles
 d - 6 bread rations
 g - 2 slices of pizza
 j - a royal jelly
 s - 5 meat rations
 x - 5 fruits
 D - a beef jerky


   Skills:
 + Level 7.9(7.4) Fighting
 + Level 9.8(9.2) Axes
 + Level 4.6(4.1) Armour
 + Level 10.4(9.8) Dodging
 + Level 0.5(0.1) Shields
 * Level 4.8(4.3) Spellcasting
 + Level 4.5(4.0) Charms
   Level 0.1(0.0) Evocations


You had 7 spell levels left.
You knew the following spells:

 Your Spells              Type           Power        Failure   Level  Hunger
a - Infusion              Chrm           ##....       10%         1    None
b - Song of Slaying       Chrm           ##......     14%         2    ##.....
c - Spectral Weapon       Hex/Chrm       #.......     61%         3    ###....
d - Shroud of Golubria    Chrm/Tloc      #.........   30%         2    ##.....
e - Regeneration          Chrm/Necr      #.........   61%         3    ###....


Dungeon Overview and Level Annotations

Branches:
Dungeon (11/15)            Temple (0/1) D:6
   Lair: D:8-11         Orc: D:9-12

Altars:
Dithmenos
Gozag
Okawaru
Zin


Innate Abilities, Weirdness & Mutations

You reflexively headbutt those who attack you in melee.
You have a pair of large horns on your head.
You can translocate small distances at will.
You possess an exceptional clarity of mind.
You occasionally shout uncontrollably at your foes.


Message History

The hill giant hits you with a giant club!
You hit the hill giant but do no damage.
There is a sudden explosion of sparks!
The hill giant is severely wounded.
You barely miss the gargoyle.
The gargoyle is almost destroyed.
You hit the wraith.
There is a sudden explosion of sparks!
The wraith is almost destroyed.
The wraith barely misses you.
The gargoyle hurls a stone arrow at you.
The stone arrow hits you!
* * * LOW HITPOINT WARNING * * *
Drink which item? (? for menu, Esc to quit)
You feel better.
The hill giant hits you with a giant club!!
* * * LOW HITPOINT WARNING * * *
The wraith closely misses you.
The gargoyle hurls a stone arrow at you.
The stone arrow hits you!
You die...

##.##.#.#
.........
#.......
##...$.#
##......##
#.."...h.
....$..9######%#
......†C@.......
.>.....W######..
.?..W...#
.#...#...
.......##
.######


You could see a hill giant, a phantom, a wraith, a gargoyle and a hound.

Vanquished Creatures
  A hill giant (D:10)
  A troll (D:9)
  Prince Ribbit (D:5)
  A trapdoor spider zombie (D:8)
  Sigmund (D:5)
  A deep elf mage (D:10)
  Eustachio (D:6)
  Grum (D:10)
  Menkaure (D:5)
  Edmund (D:5)
  2 wolves (D:10)
  2 black bears (D:9)
  3 ice beasts
  7 orc warriors
  2 ogres
  An eye of draining (D:10)
  A necrophage (D:9)
  A sky beast (D:10)
  5 centaurs
  A big kobold (D:9)
  7 giant frogs
  3 scorpions (D:9)
  2 wyvern skeletons
  9 killer bees
  7 wights
  3 crimson imps
  2 centaur zombies
  A quasit (D:7)
  3 giant frog skeletons
  6 jellies
  7 orc priests
  3 hounds
  A giant frog zombie (D:10)
  2 centaur skeletons
  12 orc wizards
  3 iguanas
  10 worker ants
  2 hound skeletons (D:4)
  A hound zombie (D:7)
  2 worker ant zombies
  Robin (D:3)
  12 adders
  An ooze (D:1)
  5 adder skeletons
  3 worms (D:2)
  5 giant geckos
  47 orcs
  3 ball pythons
  5 bats
  4 giant cockroaches
  14 hobgoblins
  11 jackals
  7 quokkas
  6 giant newts
  14 goblins
  A jackal skeleton (D:4)
  A jackal zombie (D:6)
  28 kobolds
  11 rats
  2 plants (D:9)
302 creatures vanquished.

Vanquished Creatures (others)
  A killer bee (D:11)
1 creature vanquished.

Grand Total: 303 creatures vanquished

Notes
Turn   | Place    | Note
--------------------------------------------------------------
     0 | D:1      | Enroth the Minotaur Skald began the quest for the Orb.
     0 | D:1      | Reached XP level 1. HP: 18/18 MP: 1/1
   149 | D:1      | Reached XP level 2. HP: 25/25 MP: 3/3
   159 | D:1      | Learned a level 2 spell: Song of Slaying
   464 | D:1      | Reached XP level 3. HP: 28/30 MP: 4/4
  1100 | D:2      | Reached skill level 3 in Axes
  1108 | D:2      | Reached XP level 4. HP: 30/37 MP: 2/5
  1702 | D:3      | Found a faded altar to an unknown god.
  1814 | D:3      | Found a glowing silver altar of Zin.
  1889 | D:3      | Noticed Robin
  1891 | D:3      | Reached XP level 5. HP: 45/45 MP: 3/6
  1892 | D:3      | Killed Robin
  2156 | D:4      | Found an iron altar of Okawaru.
  2162 | D:4      | Became a worshipper of Warmaster Okawaru
  2429 | D:4      | Reached XP level 6. HP: 46/51 MP: 7/7
  2706 | D:4      | Reached skill level 4 in Dodging
  2843 | D:5      | Entered Level 5 of the Dungeon
  2843 | D:5      | Noticed Prince Ribbit
  2851 | D:5      | Killed Prince Ribbit
  2851 | D:5      | Acquired Okawaru's first power
  2881 | D:5      | Noticed Edmund
  2884 | D:5      | Reached XP level 7. HP: 51/58 MP: 5/9
  2890 | D:5      | Killed Edmund
  2890 | D:5      | Reached skill level 5 in Dodging
  2916 | D:5      | Gained mutation: You have a pair of large horns on your head. [potion of mutation]
  2916 | D:5      | Gained mutation: You possess an exceptional clarity of mind. [potion of mutation]
  2916 | D:5      | Gained mutation: You occasionally shout uncontrollably at your foes. [potion of mutation]
  2971 | D:5      | Reached skill level 5 in Axes
  2986 | D:5      | Noticed Menkaure
  2996 | D:5      | Killed Menkaure
  3107 | D:5      | Gained mutation: You can translocate small distances at will. [potion of mutation]
  3151 | D:5      | Reached XP level 8. HP: 67/67 MP: 6/10
  3464 | D:5      | Reached skill level 6 in Axes
  3479 | D:5      | Noticed Sigmund
  3492 | D:5      | Killed Sigmund
  3492 | D:5      | Reached skill level 5 in Fighting
  3677 | D:5      | Upgraded the game from 0.17-a0-1667-g4ca74a1 to 0.17-a0-1678-g710b578
  3722 | D:6      | Found a staircase to the Ecumenical Temple.
  3935 | D:6      | Reached skill level 7 in Axes
  4149 | D:6      | Noticed Eustachio
  4161 | D:6      | Killed Eustachio
  4161 | D:6      | Reached XP level 9. HP: 73/75 MP: 6/12
  4171 | D:6      | Learned a level 3 spell: Spectral Weapon
  4174 | D:6      | Learned a level 2 spell: Shroud of Golubria
  4178 | D:6      | Learned a level 3 spell: Regeneration
  4445 | D:7      | Got a pair of faintly glowing boots
  4484 | D:7      | Identified the +0 pair of boots "Mahoodwolagg" {rCorr} (You found it on level 7 of the Dungeon)
  4569 | D:7      | Found a shadowy altar of Dithmenos.
  4718 | D:7      | Reached skill level 8 in Dodging
  5486 | D:9      | Reached XP level 10. HP: 78/86 MP: 12/14
  5493 | D:9      | Reached skill level 9 in Dodging
  5790 | D:9      | Found an opulent altar of Gozag.
  5847 | D:9      | Acquired Okawaru's second power
  5902 | D:9      | Found a shadowy altar of Dithmenos.
  6200 | D:10     | Entered Level 10 of the Dungeon
  6320 | D:10     | Noticed Grum
  6331 | D:10     | Killed Grum
  6391 | D:10     | Noticed a hill giant
  6399 | D:10     | Killed a hill giant
  6399 | D:10     | Reached skill level 10 in Dodging
  6476 | D:10     | Got a ripped robe
  6477 | D:10     | Identified the +0 robe of the Undertaker {Str-2 Int+3 Stlth+} (You found it on level 10 of the Dungeon)
  6934 | D:11     | Noticed a hill giant
  6947 | D:11     | Killed from afar by a gargoyle

Vault maps used:
D:1:      dpeg_arrival_more_subterranean_lakeside_camping
D:2:      first_bread, serial_corexii_hall, corexii_hall_statues_s,
          corexii_hall_statues_i
D:3:      zin_scriptorium, ecumenical_altar_1, uniq_robin
D:4:      lemuel_upstairs_altar, okawaru_ov_weapons_minmay
D:5:      uniq_sigmund, uniq_edmund, uniq_menkaure, uniq_prince_ribbit1
D:6:      minmay_temple_entry_junction2, uniq_eustachio
D:7:      basic_altar
D:9:      kennysheep_kobold_camp, nicolae_gozag_cash_rules_everything_around_me,
          nicolae_dithmenos_through_a_glass_darkly
D:10:     minivault_20, uniq_grum
D:11:     erik_lair_orcish_takeover, kennysheep_dice

Action                   |  1- 3 |  4- 6 |  7- 9 | 10-12 || total
-------------------------+-------+-------+-------+-------++-------
Melee: Hand axe          |    98 |   122 |   265 |   173 ||   658
 Cast: Infusion          |     2 |     8 |     7 |     3 ||    20
       Song of Slaying   |     3 |     2 |    11 |     5 ||    21
Evoke: Wand              |       |     2 |     1 |       ||     3
  Use: Scroll            |       |       |    17 |     2 ||    19
       Potion            |       |       |    10 |     1 ||    11
 Stab: Sleeping          |       |       |     1 |       ||     1
  Eat: Chunk             |     1 |     6 |     3 |     5 ||    15
       Meat ration       |       |       |     1 |       ||     1
       Beef jerky        |       |       |     1 |     1 ||     2
       Royal jelly       |       |       |     1 |       ||     1
